Map: Prion Terraces

Players

Psychosis

  • Race: Zerg Zerg
  • League: Master

xKawaiian - Winner!

  • Race: Terran Terran
  • League: Master

VOD

Have the link to the VOD?

Description

Time

  • Played on: Jan. 14, 2016, 6:20 p.m.
  • Length: 8:36
Show
View Real Time Build Order
Export as new Build Order

Psychosis Zerg 

Build Orders: Pool First 

Get SALT Encoding   

  12  0:01  Drone  
  13  0:12  Overlord  
  13  0:19  Drone  
  14  0:30  Drone  
  14  0:31  Drone  
  16  0:36  Drone  
  16  0:42  Extractor  
  16  0:47  Spawning Pool  
  15  0:51  Drone  
  15  0:56  Drone  
  17  1:20  Hatchery  
  17  1:23  Drone  
  17  1:24  Drone  
  18  1:32  Overlord  
  18  1:43  Metabolic Boost  
  18  1:50  Queen  
  20  1:57  Drone x2  
  22  2:09  Roach Warren  
  21  2:26  Zergling x2  
  21  2:27  Zergling x4  
  21  2:47  Zergling x6  
  23  3:14  Drone x3  
  26  3:28  Drone  
  26  3:29  Drone x2  
  26  3:31  Zergling x2  
  26  3:32  Zergling x2  
  31  3:37  Roach  
  33  3:43  Overlord  
  35  3:48  Roach  
  35  3:51  Overlord  
  35  3:55  Spore Crawler  
  33  4:06  Drone  
  33  4:07  Drone x2  
  36  4:11  Spore Crawler, Extractor  
  36  4:13  Drone  
  36  4:14  Drone x2  
  37  4:21  Ravager  
  37  4:22  Ravager  
  39  4:28  Queen  
  39  4:30  Roach x2  
  45  4:35  Drone x2  
  47  4:39  Roach  
  49  4:47  Roach  
  51  4:53  Overlord  
  52  5:07  Ravager x2  
  49  5:22  Roach x4  
  49  5:23  Roach  
  59  5:33  Drone  
  59  5:35  Lair  
  60  5:36  Overlord  
  60  5:57  Drone x4  
  60  5:58  Overlord  
  64  6:04  Overlord  
  64  6:11  Evolution Chamber  
  63  6:12  Evolution Chamber  
  62  6:27  Zergling x2  
  62  6:28  Zergling x14  
  70  6:36  Infestation Pit  
  70  6:37  Zerg Missile Weapons Level 1, Zerg Ground Armor Level 1  
  69  6:44  Glial Reconstitution  
  69  6:54  Overseer  
  69  6:59  Extractor  
  69  7:00  Extractor  
  67  7:02  Drone x4  
  71  7:09  Hatchery  
  71  7:14  Drone x4  
  74  7:33  Drone  
  74  7:34  Drone x4  
  78  7:57  Spire  
  77  7:59  Overlord x2  
  68  8:13  Roach x4  
Show
View Real Time Build Order
Export as new Build Order

xKawaiian Terran - Winner!

Build Orders: Reaper Expand, MMM Bio 

Get SALT Encoding   

  12  0:01  SCV  
  13  0:13  SCV  
  14  0:17  Supply Depot  
  14  0:25  SCV  
  15  0:39  SCV  
  15  0:41  Barracks  
  16  0:46  Refinery  
  16  0:51  SCV  
  17  1:03  SCV  
  18  1:15  SCV  
  19  1:29  Orbital Command  
  19  1:30  Reaper  
  20  1:39  Command Center  
  20  1:49  Supply Depot  
  20  1:55  SCV  
  21  2:03  Barracks Reactor  
  21  2:08  SCV  
  22  2:10  Barracks  
  22  2:15  Barracks  
  22  2:20  SCV  
  23  2:32  SCV  
  24  2:39  Marine  
  24  2:43  Marine  
  27  2:44  SCV  
  28  2:53  Orbital Command  
  28  2:56  SCV  
  28  2:57  Marine  
  29  2:58  Barracks Tech Lab  
  29  3:05  Marine x2  
  30  3:08  SCV  
  31  3:15  Factory, Reaper  
  31  3:17  Refinery, Orbital Command  
  33  3:20  SCV  
  33  3:23  Reaper  
  34  3:29  Marine x2  
  34  3:31  Bunker  
  34  3:32  Supply Depot  
  36  3:34  SCV  
  37  3:47  Reaper  
  38  3:51  SCV x2  
  38  3:55  Barracks Tech Lab  
  40  4:01  Marine  
  40  4:02  Marine  
  42  4:03  Orbital Command  
  42  4:06  Siege Tank  
  45  4:18  Marine  
  45  4:20  SCV, Marine x2  
  45  4:21  Bunker  
  49  4:28  Supply Depot  
  49  4:29  SCV  
  49  4:30  Marine  
  51  4:33  Supply Depot  
  51  4:35  SCV  
  51  4:36  Marine  
  51  4:38  Marine  
  54  4:50  SCV, Siege Tank  
  54  4:51  Marine x2  
  60  4:53  Starport  
  60  4:54  Marine  
  60  4:56  Marine  
  62  5:00  Refinery  
  62  5:02  SCV  
  62  5:03  Refinery  
  63  5:09  Marine  
  63  5:11  Marine  
  63  5:14  SCV, Marine  
  65  5:15  Stimpack  
  65  5:16  SCV  
  66  5:22  Barracks Reactor  
  66  5:23  Supply Depot  
  66  5:26  SCV  
  66  5:27  Marine  
  67  5:29  Starport Reactor  
  67  5:30  Marine  
  67  5:31  SCV  
  67  5:33  Marine  
  70  5:43  Supply Depot  
  70  5:45  SCV x2, Siege Tank  
  70  5:46  Supply Depot  
  75  5:52  Marine x3  
  78  6:00  Supply Depot  
  78  6:05  SCV x2, Marine x2  
  78  6:06  Medivac x2  
  86  6:17  SCV  
  87  6:22  Command Center  
  87  6:24  SCV  
  88  6:25  Marine x2  
  88  6:26  Marine  
  88  6:31  Engineering Bay  
  91  6:36  Engineering Bay  
  91  6:38  SCV x2  
  93  6:46  Marine  
  96  6:47  Marauder, Marine x2  
  96  6:50  Medivac  
  96  6:53  Medivac  
  102  7:12  Barracks  
  102  7:16  Combat Shields, Barracks  
  102  7:23  Marine  
  102  7:24  SCV  
  102  7:28  Marine x2  
  102  7:29  Marauder  
  98  7:32  SCV  
  99  7:38  SCV  
  99  7:42  Marine x2  
  102  7:46  Marine  
  102  7:49  SCV  
  102  7:50  Marauder  
  106  7:53  Orbital Command  
  106  7:54  Marine  
  110  8:10  Marine  
  110  8:12  Marauder  
  116  8:13  Marine  
  116  8:16  Marine  
  116  8:23  Barracks Reactor, Barracks Tech Lab  
Tags
 
Add a new tag
Caveats
  • Supply blocks, unpowered buildings, or Contaminate may cause inaccurate times.
  • Supply counts are checked every 10 seconds.